 Dungeon Crawl Stone Soup version 0.25.1-1-g288607f5aa (webtiles) character file.

Game seed: 10235469433732598440

15057 protoss039 the Eclecticist (level 11, -4/93 HPs)
             Began as a Deep Elf Earth Elementalist on July 25, 2020.
             Was an Elder of Sif Muna.
             Slain by a stone giant (32 damage)
             ... on level 10 of the Dungeon.
             The game lasted 00:55:54 (16147 turns).

protoss039 the Eclecticist (DEEE)                  Turns: 16147, Time: 00:55:54

Health: -4/93      AC: 25    Str:  5    XL:     11   Next: 96%
Magic:  27/41      EV:  2    Int: 24    God:    Sif Muna [****..]
Gold:   581        SH:  0    Dex: 15    Spells: 25/40 levels left

rFire    . . .     SeeInvis .   D - +1 dagger (venom)
rCold    . . .     Gourm    .   (no shield)
rNeg     + + +     Faith    .   (armour currently unavailable)
rPois    +         Spirit   .   (helmet currently unavailable)
rElec    .         Reflect  .   (cloak currently unavailable)
rCorr    .         Harm     .   (gloves currently unavailable)
MR       +....     NoTele   +   (boots currently unavailable)
Stlth    ++........             (no amulet)
HPRegen  0.25/turn              k - +4 ring of evasion
MPRegen  0.27/turn              L - ring of magical power

@: tree-form
A: no striking features
a: Channel Magic, Forget Spell, Divine Exegesis, Renounce Religion


You were on level 10 of the Dungeon.
You worshipped Sif Muna.
Sif Muna was greatly pleased with you.
You were very hungry.
You were a tree.
You visited 1 branch of the dungeon, and saw 11 of its levels.
You also visited: Bailey.

You collected 619 gold pieces.
You spent 38 gold pieces at shops.

Inventory:

Hand Weapons
 D - a +1 dagger of venom (weapon)
Missiles
 b - 150 stones (quivered)
Armour
 c - the cursed +1 leather armour of Reason (melded) {rF+ SInv}
   (You found it on level 9 of the Dungeon)

   It protects you from fire.
   It lets you see invisible.
   It has a curse placed upon it.
 r - a +1 pair of boots (melded)
 s - a +0 helmet (melded)
 I - a cursed +0 pair of gloves (melded)
Magical Staves
 H - an uncursed staff of air
Jewellery
 i - an uncursed ring of fire
 k - a +4 ring of evasion (left branch)
 L - a ring of magical power (right branch)
Wands
 t - a wand of random effects (13)
 v - a wand of disintegration (9)
 G - a wand of flame (35)
 J - a wand of paralysis (21)
 K - a wand of enslavement (8)
Scrolls
 e - 2 scrolls of fear
 g - 6 scrolls of remove curse
 q - 2 scrolls of amnesia
 w - a scroll of immolation
 x - a scroll of blinking
 y - a scroll of magic mapping
 F - 2 scrolls of enchant armour
 M - a scroll of holy word
Potions
 a - a potion of lignification
 h - a potion of cancellation {unknown}
 l - 2 potions of stabbing
 m - 3 potions of flight
 n - a potion of haste
 o - a potion of invisibility {unknown}
 p - 2 potions of ambrosia {unknown}
 z - a potion of heal wounds
 A - 5 potions of curing
 C - a potion of resistance {unknown}
 E - a potion of berserk rage {unknown}
Comestibles
 d - 20 rations


   Skills:
 + Level 4.6 Fighting
 - Level 4.0 Armour
 - Level 3.0 Dodging
 - Level 3.0 Stealth
 - Level 15.0 Spellcasting
 - Level 6.0 Conjurations
 - Level 2.0 Transmutations
 - Level 12.0 Earth Magic
 - Level 6.0 Invocations


You had 25 spell levels left.
You knew the following spells:

 Your Spells              Type           Power        Failure   Level  Hunger
a - Sandblast             Erth           ######       1%          1    None
b - Passwall              Tmut/Erth      ######..     1%          2    None
c - Stone Arrow           Conj/Erth      ######       1%          3    None
d - Petrify               Tmut/Erth      ######..     1%          4    None
e - Lee's Rapid Deconstr  Erth           ######....   1%          5    ##.....

Your spell library contained the following spells:

 Spells                   Type           Power        Failure   Level  Hunger
 Summon Small Mammal      Summ           ###.         3%          1    None
 Call Imp                 Summ           ###.....     4%          2    None
 Call Canine Familiar     Summ           ###.....     10%         3    None
 Summon Guardian Golem    Hex/Summ       ###.....     10%         3    None
 Summon Ice Beast         Ice/Summ       ###.....     30%         4    None
 Summon Lightning Spire   Summ/Air       ###.....     30%         4    None


Dungeon Overview and Level Annotations

Branches:
Dungeon (11/15)            Temple (0/1) D:6            Lair (0/6) D:10
    Orc (0/2) D:10         Bailey (visited)

Altars:
Ashenzari
Cheibriados
Dithmenos
Fedhas
Gozag
Nemelex Xobeh
Qazlal
Sif Muna
Xom
Yredelemnul
Zin

Shops:
D:5 *

Annotations:
D:6 1 exclusion
D:10 1 exclusion


Message History

Press: ? - help, Dir - move target cursor A rock wall.
The wall shatters!
The blast of rock fragments hits the stone giant but does no damage.
The stone giant is moderately wounded.
The stone giant hits you.
Casting: Lee's Rapid Deconstruction (mildly dangerous; 1% risk of failure)
Confirm with . or Enter, or press ? or * to list all spells.
Aiming: Lee's Rapid Deconstruction (mildly dangerous; 1% risk of failure)
Press: ? - help, Dir - move target cursor A rock wall.
The wall shatters!
The blast of rock fragments hits the stone giant!
The stone giant is heavily wounded.
You are feeling very hungry.
The stone giant hits you!!
* * * LOW HITPOINT WARNING * * *
Unknown command.
You feel much better. The stone giant hits you!!
You die...

#### #... #... ##..≈
############# #...≈ ##..........#
#...≈ .#..........# ########
##..≈≈ ............# ###......#
#...≈# #...........###C♣......#
###...≈≈
##..........'...#......###....≈≈≈
##..........#####......#...##.≈#≈
##..........# #....<...####.≈≈≈
########'#### #......### #.... #
#.# ###.#### ####. # #.# #.# #..
#.# #.# #.# #.# #.# #.#


You could see a stone giant (very poisoned).

Vanquished Creatures
  A centaur warrior (D:11)
  3 two-headed ogres
  An unseen horror (D:11)
  2 orc knights (Bailey)
  An oklob plant (D:7)
  An ugly thing (D:11)
  A cyclops (D:11)
  Psyche (D:9)
  2 tengu conjurers (D:11)
  2 kobold demonologists (D:11)
  Prince Ribbit (D:6)
  A troll (D:10)
  Grinder (D:3)
  4 hippogriffs
  A spriggan (D:7)
  2 vampires (D:11)
  Grum (D:8)
  4 yaks (D:11)
  12 orc warriors
  4 ice beasts
  A necrophage (D:8)
  3 sky beasts
  4 wolves (D:8)
  3 black bears
  6 ogres
  4 centaurs
  6 big kobolds
  4 bullfrogs
  4 gnoll sergeants (D:10)
  A wyvern skeleton (D:5)
  3 scorpions
  5 killer bees (D:7)
  4 wights (D:9)
  An electric eel (D:10)
  3 howler monkeys (D:8)
  A quasit (D:11)
  4 crimson imps
  A centaur zombie (D:8)
  A jelly (D:9)
  3 orc wizards
  A centaur skeleton (D:8)
  4 orc priests
  2 bullfrog skeletons
  5 hounds
  Jessica (D:3)
  5 iguanas
  7 worker ants
  A hound skeleton (D:8)
  2 worker ant zombies
  Robin (D:3)
  A gnoll (D:10)
  A howler monkey zombie (D:8)
  15 adders
  7 shadow imps
  An ooze (D:5)
  An adder skeleton (D:4)
  2 dart slugs (D:2)
  6 leopard geckos
  36 orcs
  3 ball pythons
  7 giant cockroaches
  14 goblins
  5 hobgoblins
  12 jackals
  9 quokkas
  A ball python zombie (D:5)
  2 bats
  4 frilled lizards
  A giant cockroach zombie (D:5)
  3 jackal skeletons
  33 kobolds
  A quokka skeleton (D:7)
  A quokka zombie (D:6)
  8 rats
  2 plants (D:7)
313 creatures vanquished.

Notes
Turn   | Place    | Note
-------+----------+-------------------------------------------
     0 | D:1      | protoss039 the Deep Elf Earth Elementalist began the quest
                  | for the Orb.
     0 | D:1      | Reached XP level 1. HP: 10/10 MP: 6/6
   386 | D:1      | Reached XP level 2. HP: 15/15 MP: 6/8
  1187 | D:2      | Reached XP level 3. HP: 19/19 MP: 10/10
  1633 | D:2      | Found a shimmering altar of Xom.
  1635 | D:2      | Found a snail-covered altar of Cheibriados.
  1880 | D:2      | Reached skill level 4 in Spellcasting
  2099 | D:2      | Found a shattered altar of Ashenzari.
  2337 | D:2      | Learned a level 2 spell: Passwall
  2341 | D:2      | Learned a level 3 spell: Stone Arrow
  2426 | D:3      | Noticed Jessica
  2431 | D:3      | Killed Jessica
  2431 | D:3      | Reached XP level 4. HP: 24/24 MP: 7/12
  2981 | D:3      | Noticed Grinder
  3054 | D:3      | Reached skill level 5 in Spellcasting
  3439 | D:3      | Reached XP level 5. HP: 28/28 MP: 12/14
  3865 | D:3      | Noticed Robin
  3873 | D:3      | Killed Robin
  4250 | D:3      | Paralysed by Grinder for 3 turns
  4256 | D:3      | Killed Grinder
  4256 | D:3      | Reached skill level 6 in Spellcasting
  4256 | D:3      | Reached skill level 5 in Earth Magic
  4256 | D:3      | Reached XP level 6. HP: 8/32 MP: 10/17
  5014 | D:4      | Reached skill level 7 in Spellcasting
  5373 | D:4      | Reached skill level 1 in Conjurations
  5373 | D:4      | Reached XP level 7. HP: 36/36 MP: 13/20
  5440 | D:4      | Found a shimmering blue altar of Sif Muna.
  5496 | D:4      | Became a worshipper of Sif Muna the Loreminder
  5890 | D:5      | Entered Level 5 of the Dungeon
  5967 | D:5      | Found Ublog's General Store.
  5972 | D:5      | Bought a scroll of magic mapping for 38 gold pieces
  6262 | D:5      | Found a basalt altar of Yredelemnul.
  6267 | D:5      | Reached skill level 1 in Invocations
  6351 | D:5      | Reached skill level 8 in Spellcasting
  6525 | D:5      | Reached skill level 1 in Fighting
  6687 | D:5      | Reached skill level 1 in Armour
  6845 | D:5      | Reached XP level 8. HP: 43/43 MP: 15/22
  7124 | D:6      | Found a shadowy altar of Dithmenos.
  7172 | D:6      | Reached * piety under Sif Muna
  7352 | D:6      | Noticed Prince Ribbit
  7367 | D:6      | Killed Prince Ribbit
  7652 | D:6      | Found a staircase to the Ecumenical Temple.
  7661 | D:6      | Found a glowing silver altar of Zin.
  7661 | D:6      | Found an opulent altar of Gozag.
  7737 | D:6      | Reached skill level 9 in Spellcasting
  8174 | D:6      | Found a sparkling altar of Nemelex Xobeh.
  8249 | D:6      | Learned a level 4 spell: Petrify
  8255 | D:6      | Learned a level 5 spell: Lee's Rapid Deconstruction
  8688 | D:7      | Reached skill level 10 in Spellcasting
  8719 | D:7      | Reached XP level 9. HP: 33/48 MP: 3/25
  9128 | D:7      | Reached ** piety under Sif Muna
  9734 | D:7      | Found a blossoming altar of Fedhas.
  9747 | D:7      | Noticed an oklob plant
  9795 | D:7      | Killed an oklob plant
  9795 | D:7      | Reached skill level 11 in Spellcasting
 10845 | D:8      | Noticed Grum
 10851 | D:8      | Reached XP level 10. HP: 36/53 MP: 20/27
 11069 | D:8      | Reached skill level 12 in Spellcasting
 11070 | D:8      | Killed Grum
 11241 | D:8      | Reached skill level 10 in Earth Magic
 11773 | D:9      | Reached *** piety under Sif Muna
 11842 | D:9      | Got a jewelled leather armour
 11844 | D:9      | Found Biciul's Magic Scroll Shoppe.
 11868 | D:9      | Identified the cursed +1 leather armour of Reason {rF+
                  | SInv} (You found it on level 9 of the Dungeon)
 11966 | D:9      | Found a shimmering altar of Xom.
 12057 | D:9      | Noticed a two-headed ogre
 12061 | D:9      | Killed a two-headed ogre
 12451 | D:9      | Noticed Psyche
 12466 | D:9      | Killed Psyche
 12466 | D:9      | Reached skill level 13 in Spellcasting
 12466 | D:9      | Reached skill level 5 in Conjurations
 12740 | D:10     | Entered Level 10 of the Dungeon
 13145 | D:10     | Noticed a two-headed ogre
 13160 | D:10     | Killed a two-headed ogre
 13441 | D:10     | Found a staircase to the Orcish Mines.
 13449 | D:10     | Reached XP level 11. HP: 49/60 MP: 12/30
 13775 | D:10     | Found a staircase to the Lair.
 13864 | D:11     | Noticed a two-headed ogre
 13881 | D:10     | Killed a two-headed ogre
 14015 | D:11     | Found a stormy altar of Qazlal.
 14039 | D:11     | Found a flagged portal.
 14055 | D:11     | Reached **** piety under Sif Muna
 14095 | Bailey   | Entered a bailey
 14297 | Bailey   | Reached skill level 14 in Spellcasting
 14331 | Bailey   | Noticed an orc knight
 14331 | Bailey   | Noticed an orc knight
 14351 | Bailey   | Killed an orc knight
 14619 | Bailey   | Killed an orc knight
 14853 | Bailey   | Found an iron altar of Okawaru.
 15320 | D:11     | Noticed a stone giant
 15326 | D:11     | Noticed a centaur warrior
 15329 | D:11     | Killed a centaur warrior
 15329 | D:11     | Reached skill level 15 in Spellcasting
 15333 | D:11     | Noticed a red ugly thing
 15339 | D:11     | Noticed an unseen horror
 15435 | D:11     | Noticed a green ugly thing
 15442 | D:11     | Killed a green ugly thing
 15442 | D:11     | Reached skill level 5 in Invocations
 15884 | D:11     | Killed an unseen horror
 16147 | D:10     | Slain by a stone giant

Illustrated notes

Levels and vault maps discovered:
D:1:      onia_arrival_pyramid, layout_basic
D:2:      layout_loops_ring, nicolae_overflow_hidden_temple
D:3:      layout_basic, skrybe_limestone_x, uniq_grinder, uniq_jessica,
          uniq_robin
D:4:      layout_basic, led_sif_pool
D:5:      layout_basic, lemuel_round_altar, first_ration, serial_shops,
          nicolae_shop_trees
D:6:      layout_basic, kennysheep_mini, grunt_temple_overflow_gold_and_silver,
          minmay_temple_entry_junction_2, nicolae_dithmenos_shadow_blocks,
          uniq_prince_ribbit1
D:7:      layout_cave_pools, tgw_fedhas, the_bakery, kennysheep_generic_room_3
D:8:      layout_loops_ring, uniq_grum
D:9:      layout_loops_ring, serial_shops, nicolae_shop_behind_doors,
          xom_teletrap_fun, uniq_psyche
D:10:     layout_roguey, lair_entry_dummy,
          kennysheep_orc_monster_closet_entryway, serial_curves, eino_curves_02,
          eino_curves_01, nicolae_lava_and_water
D:11:     hangedman_cross_veins, layout_loops_ring, enter_bailey_8,
          nicolae_qazlal_general_emergency

Skill      XL: |  1  2  3  4  5  6  7  8  9 10 11 |
---------------+----------------------------------+-----
Stealth        | 3 |  3.0
Dodging        | 3 |  3.0
Earth Magic    | 4 5 6 8 9 10 12 | 12.0
Spellcasting   | 4 5 6 7 8 10 11 13 15 | 15.0
Conjurations   | 1 2 3 4 5 6 |  6.0
Invocations    | 1 2 3 6 |  6.0
Fighting       | 1 2 3 4 |  4.6
Armour         | 1 2 4 |  4.0
Transmutations | 2 |  2.0

Action                   |  1- 3 |  4- 6 |  7- 9 | 10-12 || total
-------------------------+-------+-------+-------+-------++-------
Melee: Short sword       |     6 |       |       |       ||     6
       Unarmed           |     2 |       |       |       ||     2
       Dagger            |    49 |    50 |    61 |     1 ||   161
 Cast: Sandblast         |    33 |    47 |    79 |    68 ||   227
       Passwall          |     1 |       |       |     1 ||     2
       Stone Arrow       |       |    16 |   114 |   104 ||   234
       Lee's Rapid Decon |       |       |     8 |    58 ||    66
       Petrify           |       |       |     3 |     4 ||     7
Invok: Channel Magic     |       |       |       |     3 ||     3
Evoke: Wand              |       |       |       |     1 ||     1
       Phantom mirror    |       |       |       |     1 ||     1
  Use: Scroll            |       |       |     4 |    12 ||    16
       Potion            |       |       |     2 |     5 ||     7
 Stab: Sleeping          |     8 |     1 |       |       ||     9
       Petrified         |       |       |    10 |       ||    10
  Eat: Chunk             |     4 |    10 |    17 |    16 ||    47
       Ration            |       |       |       |     1 ||     1
Armor: Robe              |    11 |    10 |    13 |       ||    34
       Leather armour    |       |       |       |    20 ||    20
       Skin              |       |       |       |     1 ||     1
Dodge: Dodged            |    39 |    54 |    70 |    82 ||   245
       Rpst.: Falchion   |       |     1 |       |       ||     1
